[Event "Mitropa Online Cup Open 2021"]
[Site "Hybrid"]
[Date "2021.05.04"]
[Round "2.2"]
[White "Froewis, Georg"]
[Black "Parvanyan, Ashot"]
[Result "1-0"]
[ECO "E99"]
[WhiteElo "2460"]
[BlackElo "2436"]
[Annotator "ChessBase"]
[PlyCount "81"]
[EventDate "2021.05.04"]
[EventType "team-tourn"]
[EventCountry "NET"]
[SourceTitle "playchess.com"]
[Source "ChessBase"]
[SourceQuality "1"]
[WhiteTeam "Austria"]
[BlackTeam "Germany"]
[WhiteTeamCountry "AUT"]
[BlackTeamCountry "GER"]
[TimeControl "40/5400+30:1800+30"]

1. c4 Nf6 2. Nc3 g6 3. e4 d6 4. d4 Bg7 5. Be2 O-O 6. Nf3 e5 7. O-O Nc6 8. d5 Ne7 9. Ne1 Nd7 10. Nd3 f5 11. f3 f4 12. Bd2 g5 13. Rc1 Ng6 14. c5 Nf6 15. Nb5 Rf7 16. Ba5 b6 17. cxd6 cxd6 18. Be1 g4 19. fxg4 Nxe4 20. Nb4 a6 21. Bf3 Ng5 22. Nc3 Bf6 23. Nc6 Qf8 24. Ne4 Rg7 25. h3 Bd7 26. Nxd6 h5 27. Nf5 e4 28. Bb4 Qe8 29. Nxg7 Kxg7 30. Bc3 Bxc3 31. Rxc3 exf3 32. Re1 Qf8 33. gxh5 Nh4 34. Ne5 Bf5 35. Rc7+ Kh6 36. Qd4 fxg2 37. Qxf4 Kxh5 38. Re3 Rc8 39. Rg3 Qd8 40. Rg7 Nxh3+ 41. Rxh3 1-0

[Event "Mitropa Online Cup Open 2021"]
[Site "Hybrid"]
[Date "2021.05.04"]
[Round "2.4"]
[White "Morgunov, Marc"]
[Black "Krastev, Alexander"]
[Result "1-0"]
[ECO "C79"]
[WhiteElo "2385"]
[BlackElo "2367"]
[Annotator "NA"]
[PlyCount "79"]
[EventDate "2021.05.04"]
[EventType "team-tourn"]
[EventCountry "NET"]
[SourceTitle "playchess.com"]
[Source "ChessBase"]
[SourceQuality "1"]
[WhiteTeam "Austria"]
[BlackTeam "Germany"]
[WhiteTeamCountry "AUT"]
[BlackTeamCountry "GER"]
[TimeControl "40/5400+30:1800+30"]

1. e4 e5 2. Nf3 Nc6 3. Bb5 a6 4. Ba4 d6 5. O-O Nf6 6. Re1 Bd7 7. c3 g6 8. d4 b5 9. Bc2 Bg7 10. Nbd2 O-O 11. h3 Re8 12. Nf1 Na5 13. b3 c5 14. Ng3 Qc7 15. Be3 cxd4 16. cxd4 exd4 17. Nxd4 Nc6 18. Rc1 Rad8 19. Bb1 Qb7 20. Nde2 Be6 21. f4 Bc8 22. Nd4 Nxd4 23. Bxd4 Qa8 24. Qd2 Re7 25. f5 Ne8 26. Bxg7 Kxg7 27. e5 Kg8 28. e6 fxe6 29. fxg6 hxg6 30. Bxg6 Rg7 31. Qh6 Nf6 32. Rf1 Qa7+ 33. Kh2 Qd4 34. Rxf6 Qxf6 35. Bh7+ Kf7 36. Rf1 Qxf1 37. Nxf1 Bb7 38. Ne3 Rd7 39. Ng4 Kf8 40. Bg6 1-0

[Event "Mitropa Online Cup Open 2021"]
[Site "Hybrid"]
[Date "2021.05.04"]
[Round "2.6"]
[White "Sochacki, Christophe"]
[Black "Antal, Gergely"]
[Result "1-0"]
[ECO "B13"]
[WhiteElo "2477"]
[BlackElo "2572"]
[Annotator "ChessBase"]
[PlyCount "79"]
[EventDate "2021.05.04"]
[EventType "team-tourn"]
[EventCountry "NET"]
[SourceTitle "playchess.com"]
[Source "ChessBase"]
[SourceQuality "1"]
[WhiteTeam "France"]
[BlackTeam "Hungary"]
[WhiteTeamCountry "FRA"]
[BlackTeamCountry "HUN"]
[TimeControl "40/5400+30:1800+30"]

1. e4 c6 2. d4 d5 3. exd5 cxd5 4. Bd3 Nc6 5. c3 Qc7 6. h3 Nf6 7. Nf3 g6 8. O-O Bf5 9. Re1 Bxd3 10. Qxd3 Bg7 11. Ne5 Nxe5 12. dxe5 Nd7 13. Qxd5 e6 14. Qe4 Qxe5 15. Na3 O-O 16. Qxe5 Nxe5 17. Be3 Rfd8 18. Rad1 a6 19. Bb6 Rxd1 20. Rxd1 g5 21. Kf1 Rc8 22. Be3 h6 23. Ke2 Bf8 24. Nc2 b5 25. a3 Be7 26. Bc1 Kf8 27. h4 Ke8 28. hxg5 hxg5 29. Rh1 Ng6 30. Be3 e5 31. Nb4 Bxb4 32. axb4 f6 33. Rh7 Nf8 34. Ra7 Rc6 35. Kd3 f5 36. g4 Rd6+ 37. Ke2 fxg4 38. Bc5 g3 39. fxg3 Rd7 40. Ra8+ 1-0

[Event "Mitropa Online Cup Open 2021"]
[Site "Hybrid"]
[Date "2021.05.04"]
[Round "2.7"]
[White "Mihok, Oliver"]
[Black "Travadon, Loic"]
[Result "1/2-1/2"]
[ECO "B45"]
[WhiteElo "2547"]
[BlackElo "2414"]
[Annotator "ChessBase"]
[PlyCount "40"]
[EventDate "2021.05.04"]
[EventType "team-tourn"]
[EventCountry "NET"]
[SourceTitle "playchess.com"]
[Source "ChessBase"]
[SourceQuality "1"]
[WhiteTeam "Hungary"]
[BlackTeam "France"]
[WhiteTeamCountry "HUN"]
[BlackTeamCountry "FRA"]
[TimeControl "40/5400+30:1800+30"]

1. e4 c5 2. Nf3 Nc6 3. Nc3 e6 4. d4 cxd4 5. Nxd4 Nf6 6. Be2 Bb4 7. O-O Bxc3 8. bxc3 Nxe4 9. Bd3 d5 10. Ba3 Qa5 11. Qc1 Nxc3 12. Nb3 Qc7 13. Qe1 d4 14. f4 b6 15. Qh4 Bb7 16. Rae1 Qd8 17. Qg3 Qd5 18. Qh4 Qd8 19. Qg3 Qd5 20. Qh4 Qd8 1/2-1/2

[Event "Mitropa Online Cup Open 2021"]
[Site "Hybrid"]
[Date "2021.05.04"]
[Round "2.8"]
[White "Droin, Augustin"]
[Black "Csiki, Endre"]
[Result "1/2-1/2"]
[ECO "C92"]
[WhiteElo "2292"]
[BlackElo "2310"]
[Annotator "NA"]
[PlyCount "138"]
[EventDate "2021.05.04"]
[EventType "team-tourn"]
[EventCountry "NET"]
[SourceTitle "playchess.com"]
[Source "ChessBase"]
[SourceQuality "1"]
[WhiteTeam "France"]
[BlackTeam "Hungary"]
[WhiteTeamCountry "FRA"]
[BlackTeamCountry "HUN"]
[TimeControl "40/5400+30:1800+30"]

1. e4 e5 2. Nf3 Nc6 3. Bb5 a6 4. Ba4 Nf6 5. O-O Be7 6. Re1 b5 7. Bb3 d6 8. c3 O-O 9. h3 Re8 10. d4 Bb7 11. Nbd2 Bf8 12. a3 g6 13. Ba2 Bg7 14. Qc2 Nh5 15. Nb3 a5 16. Be3 a4 17. Nbd2 h6 18. Rac1 Na5 19. dxe5 dxe5 20. c4 bxc4 21. Qxa4 Nb3 22. Qxc4 Nxc1 23. Qxf7+ Kh7 24. Rxc1 Re7 25. Qb3 Ba6 26. Nc4 Nf4 27. Bxf4 exf4 28. Qc2 Qb8 29. e5 Bxc4 30. Bxc4 Bxe5 31. Nxe5 Rxe5 32. Bf7 Qb6 33. Qxc7 Qxc7 34. Rxc7 Rb8 35. b4 Re1+ 36. Kh2 Ra1 37. Ra7 Kg7 38. Bc4+ Kf6 39. Ra6+ Ke5 40. Be2 Rc8 41. Ra5+ Kd4 42. Bf3 Rcc1 43. Rd5+ Kc3 44. Rc5+ Kb2 45. Rxc1 Kxc1 46. b5 Rxa3 47. b6 Rb3 48. b7 Kd2 49. g3 Ke1 50. Kg2 fxg3 51. fxg3 Rb2+ 52. Kg1 Kd2 53. h4 Ke3 54. Bc6 Kd4 55. Kf1 Ke5 56. Bf3 Kf5 57. Kg1 g5 58. hxg5 hxg5 59. Kf1 Ke5 60. Kg1 Kd4 61. Bc6 Ke3 62. Bd5 Kd4 63. Bc6 Ke5 64. Bf3 Rb3 65. Kf2 Kf5 66. Kg1 g4 67. Bg2 Rb2 68. Bc6 Ke5 69. Bg2 Kd4 1/2-1/2

[Event "Mitropa Online Cup Open 2021"]
[Site "Hybrid"]
[Date "2021.05.04"]
[Round "2.9"]
[White "Gazik, Viktor"]
[Black "Moroni, Luca Jr"]
[Result "1/2-1/2"]
[ECO "C44"]
[WhiteElo "2542"]
[BlackElo "2557"]
[Annotator "ChessBase"]
[PlyCount "145"]
[EventDate "2021.05.04"]
[EventType "team-tourn"]
[EventCountry "NET"]
[SourceTitle "playchess.com"]
[Source "ChessBase"]
[SourceQuality "1"]
[WhiteTeam "Slovakia"]
[BlackTeam "Italy"]
[WhiteTeamCountry "SVK"]
[BlackTeamCountry "ITA"]
[TimeControl "40/5400+30:1800+30"]

1. e4 e5 2. Nf3 Nc6 3. d4 exd4 4. c3 Nf6 5. e5 Ne4 6. Qe2 d5 7. exd6 f5 8. Nbd2 Qxd6 9. Nxe4 fxe4 10. Qxe4+ Qe6 11. Bd3 dxc3 12. bxc3 Qxe4+ 13. Bxe4 Bd7 14. Bg5 Be7 15. O-O Bxg5 16. Nxg5 h6 17. Rfe1 O-O 18. Rad1 Bg4 19. f3 Bf5 20. Bd5+ Kh8 21. Nf7+ Kh7 22. Bxc6 bxc6 23. Re7 Rfe8 24. Rxc7 Re2 25. Nd6 Bg6 26. h4 h5 27. Nf7 Bxf7 28. Rxf7 Rxa2 29. Rdd7 Rg8 30. Rf5 Kh6 31. Rd6+ g6 32. Rff6 Rg7 33. Rxc6 a5 34. Kh2 Kh7 35. Ra6 Ra4 36. Kg3 Rc4 37. Rxa5 Rxc3 38. Ra8 Rcc7 39. Rff8 Kh6 40. Kh3 Rgf7 41. Rh8+ Rh7 42. Rhb8 Rb7 43. g4 hxg4+ 44. fxg4 Rhc7 45. g5+ Kg7 46. Rxb7 Rxb7 47. Ra4 Rc7 48. Kg4 Rf7 49. Rf4 Ra7 50. Kf3 Ra3+ 51. Ke4 Ra5 52. Ke3 Ra3+ 53. Kd4 Ra5 54. Kc3 Rc5+ 55. Rc4 Rf5 56. Re4 Ra5 57. Kd4 Kf7 58. Kc4 Kg7 59. Re7+ Kg8 60. Kd4 Ra4+ 61. Ke5 Rxh4 62. Kf6 Rf4+ 63. Kxg6 Rf8 64. Rg7+ Kh8 65. Rf7 Ra8 66. Kh6 Kg8 67. Rd7 Rb8 68. g6 Ra8 69. Rd6 Rb8 70. g7 Ra8 71. Kg6 Ra6 72. Rf6 Rb6 73. Rxb6 1/2-1/2

[Event "Mitropa Online Cup Open 2021"]
[Site "Hybrid"]
[Date "2021.05.04"]
[Round "2.10"]
[White "Basso, Pier Luigi"]
[Black "Druska, Juraj"]
[Result "1-0"]
[ECO "D37"]
[WhiteElo "2552"]
[BlackElo "2494"]
[Annotator "ChessBase"]
[PlyCount "83"]
[EventDate "2021.05.04"]
[EventType "team-tourn"]
[EventCountry "NET"]
[SourceTitle "playchess.com"]
[Source "ChessBase"]
[SourceQuality "1"]
[WhiteTeam "Italy"]
[BlackTeam "Slovakia"]
[WhiteTeamCountry "ITA"]
[BlackTeamCountry "SVK"]
[TimeControl "40/5400+30:1800+30"]

1. d4 d5 2. c4 e6 3. Nc3 Nf6 4. Nf3 a6 5. cxd5 exd5 6. Bg5 Be6 7. Bxf6 Qxf6 8. Qb3 Ra7 9. a3 Qd8 10. Qc2 Be7 11. e4 c6 12. e5 Nd7 13. Bd3 h6 14. O-O O-O 15. h3 c5 16. dxc5 Bxc5 17. Rad1 Nb6 18. Nxd5 Nxd5 19. Qxc5 b6 20. Qd4 Rd7 21. Qe4 g6 22. Bxa6 Nc3 23. Rxd7 Nxe4 24. Rxd8 Rxd8 25. Rc1 Nd2 26. Nxd2 Rxd2 27. b4 Ra2 28. Rc3 g5 29. Bc8 Bd5 30. Re3 Kg7 31. e6 fxe6 32. Bxe6 Bxe6 33. Rxe6 Rxa3 34. Rxb6 Rb3 35. Rb7+ Kf6 36. b5 h5 37. h4 gxh4 38. Kh2 Rb2 39. f3 Rb1 40. b6 Kg6 41. Rb8 Kg7 42. b7 1-0

[Event "Mitropa Online Cup Open 2021"]
[Site "Hybrid"]
[Date "2021.05.04"]
[Round "2.11"]
[White "Nayhebaver, Martin"]
[Black "Brunello, Sabino"]
[Result "1-0"]
[ECO "C80"]
[WhiteElo "2485"]
[BlackElo "2519"]
[Annotator "ChessBase"]
[PlyCount "81"]
[EventDate "2021.05.04"]
[EventType "team-tourn"]
[EventCountry "NET"]
[SourceTitle "playchess.com"]
[Source "ChessBase"]
[SourceQuality "1"]
[WhiteTeam "Slovakia"]
[BlackTeam "Italy"]
[WhiteTeamCountry "SVK"]
[BlackTeamCountry "ITA"]
[TimeControl "40/5400+30:1800+30"]

1. e4 e5 2. Nf3 Nc6 3. Bb5 a6 4. Ba4 Nf6 5. O-O Nxe4 6. d4 b5 7. Bb3 d5 8. dxe5 Be6 9. Nbd2 Nc5 10. c3 d4 11. Ng5 Qxg5 12. Qf3 Kd7 13. Bd5 Bxd5 14. Qxd5+ Bd6 15. Nc4 Qg6 16. exd6 bxc4 17. Qxc5 cxd6 18. Qxc4 Qe6 19. Qa4 Rhe8 20. cxd4 Qd5 21. Be3 f5 22. Rfc1 Re4 23. g3 g5 24. Bxg5 f4 25. Bxf4 Rxf4 26. Rxc6 Qxc6 27. Qxc6+ Kxc6 28. gxf4 Rg8+ 29. Kf1 Kd5 30. Ke2 Ke4 31. Rc1 Rg2 32. Rc6 Rxh2 33. Rxd6 a5 34. Re6+ Kxd4 35. Kf3 h5 36. Rd6+ Kc5 37. Rd2 Rh3+ 38. Ke4 Rh1 39. f5 h4 40. f6 h3 41. f7 1-0

[Event "Mitropa Online Cup Open 2021"]
[Site "Hybrid"]
[Date "2021.05.04"]
[Round "2.12"]
[White "Sonis, Francesco"]
[Black "Haring, Filip"]
[Result "1-0"]
[ECO "A67"]
[WhiteElo "2493"]
[BlackElo "2376"]
[Annotator "ChessBase"]
[PlyCount "71"]
[EventDate "2021.05.04"]
[EventType "team-tourn"]
[EventCountry "NET"]
[SourceTitle "playchess.com"]
[Source "ChessBase"]
[SourceQuality "1"]
[WhiteTeam "Italy"]
[BlackTeam "Slovakia"]
[WhiteTeamCountry "ITA"]
[BlackTeamCountry "SVK"]
[TimeControl "40/5400+30:1800+30"]

1. d4 Nf6 2. c4 c5 3. d5 e6 4. Nc3 exd5 5. cxd5 d6 6. e4 g6 7. f4 Bg7 8. Bb5+ Nfd7 9. a4 Na6 10. Nf3 Nb4 11. O-O a6 12. Be2 O-O 13. Be3 Nf6 14. Nd2 Rb8 15. Bf2 b5 16. axb5 axb5 17. Bh4 Qe8 18. Kh1 c4 19. Ra7 Bb7 20. Ra5 Ba8 21. b3 Ng4 22. Bxg4 Bxc3 23. bxc4 Bxd2 24. Qxd2 bxc4 25. Bf3 f6 26. Rxa8 Rxa8 27. Qxb4 g5 28. fxg5 fxg5 29. Bxg5 Qxe4 30. h3 Qe5 31. Bc1 c3 32. Qh4 Ra1 33. Re1 Qg7 34. Bg4 c2 35. Kh2 Qc3 36. Re7 1-0

[Event "Mitropa Online Cup Open 2021"]
[Site "Hybrid"]
[Date "2021.05.04"]
[Round "2.13"]
[White "Babula, Vlastimil"]
[Black "Sebenik, Matej"]
[Result "1/2-1/2"]
[ECO "E92"]
[WhiteElo "2559"]
[BlackElo "2498"]
[Annotator "ChessBase"]
[PlyCount "66"]
[EventDate "2021.05.04"]
[EventType "team-tourn"]
[EventCountry "NET"]
[SourceTitle "playchess.com"]
[Source "ChessBase"]
[SourceQuality "1"]
[WhiteTeam "Czech Republic"]
[BlackTeam "Slovenia"]
[WhiteTeamCountry "CZE"]
[BlackTeamCountry "SLO"]
[TimeControl "40/5400+30:1800+30"]

1. d4 Nf6 2. c4 g6 3. Nc3 Bg7 4. e4 d6 5. Nf3 O-O 6. Be2 e5 7. d5 Na6 8. Nd2 c6 9. Rb1 Bd7 10. b4 cxd5 11. exd5 Ne8 12. O-O f5 13. a4 e4 14. Nb5 Nac7 15. f4 Bxb5 16. axb5 a6 17. bxa6 Nxa6 18. Kh1 Qe7 19. Rb3 Kh8 20. Nb1 Nac7 21. Be3 Ra1 22. Ra3 Rxa3 23. Nxa3 Nf6 24. Qb3 Ra8 25. h3 h5 26. Rd1 Qd7 27. Bb6 Qc8 28. Nc2 Nd7 29. Bf2 Qf8 30. Nd4 Nf6 31. Nc2 Nd7 32. Nd4 Nf6 33. Nc2 Nd7 1/2-1/2

[Event "Mitropa Online Cup Open 2021"]
[Site "Hybrid"]
[Date "2021.05.04"]
[Round "2.15"]
[White "Kriebel, Tadeas"]
[Black "Spalir, Jernej"]
[Result "1-0"]
[ECO "C77"]
[WhiteElo "2527"]
[BlackElo "2389"]
[Annotator "ChessBase"]
[PlyCount "87"]
[EventDate "2021.05.04"]
[EventType "team-tourn"]
[EventCountry "NET"]
[SourceTitle "playchess.com"]
[Source "ChessBase"]
[SourceQuality "1"]
[WhiteTeam "Czech Republic"]
[BlackTeam "Slovenia"]
[WhiteTeamCountry "CZE"]
[BlackTeamCountry "SLO"]
[TimeControl "40/5400+30:1800+30"]

1. e4 e5 2. Nf3 Nc6 3. Bb5 a6 4. Ba4 Nf6 5. O-O Be7 6. d3 b5 7. Bb3 d6 8. a3 O-O 9. Nc3 Na5 10. Ba2 Be6 11. b4 Bxa2 12. Rxa2 Nc6 13. Bg5 Nd7 14. Be3 Nf6 15. h3 Re8 16. Re1 h6 17. Qb1 Qc8 18. Qb3 Qb7 19. Rb1 Nb8 20. a4 c6 21. Rba1 Nbd7 22. axb5 cxb5 23. Nh4 Nxe4 24. Qd5 Qxd5 25. Nxd5 Bxh4 26. dxe4 Rec8 27. Rxa6 Rxa6 28. Rxa6 Rxc2 29. g3 Bg5 30. Bxg5 hxg5 31. Rxd6 Nf6 32. Nxf6+ gxf6 33. Rxf6 Rc4 34. Rf5 Rxe4 35. Rxg5+ Kf8 36. Rg4 Re1+ 37. Kg2 Rb1 38. h4 Ke7 39. h5 f5 40. h6 fxg4 41. h7 Rxb4 42. h8=Q Ke6 43. Qg8+ Kd7 44. Qd5+ 1-0

[Event "Mitropa Online Cup Open 2021"]
[Site "Hybrid"]
[Date "2021.05.04"]
[Round "2.16"]
[White "Dobrovoljc, Vid"]
[Black "Finek, Vaclav"]
[Result "1/2-1/2"]
[ECO "B07"]
[WhiteElo "2377"]
[BlackElo "2361"]
[Annotator "NA"]
[PlyCount "58"]
[EventDate "2021.05.04"]
[EventType "team-tourn"]
[EventCountry "NET"]
[SourceTitle "playchess.com"]
[Source "ChessBase"]
[SourceQuality "1"]
[WhiteTeam "Slovenia"]
[BlackTeam "Czech Republic"]
[WhiteTeamCountry "SLO"]
[BlackTeamCountry "CZE"]
[TimeControl "40/5400+30:1800+30"]

1. d4 Nf6 2. Bf4 g6 3. Nc3 Bg7 4. e4 d6 5. Qd2 c5 6. dxc5 dxc5 7. Qxd8+ Kxd8 8. Bc4 Be6 9. Bxe6 fxe6 10. Nf3 Nc6 11. Be3 Ng4 12. Bxc5 b6 13. h3 Nge5 14. Be3 Nxf3+ 15. gxf3 Rf8 16. Ke2 Rc8 17. a3 Na5 18. Rad1+ Ke8 19. Bd4 Bxd4 20. Rxd4 Nc4 21. Nd1 Ne5 22. Ne3 Nxf3 23. Ra4 Rc7 24. c3 Ne5 25. Rd4 Rc8 26. Ng4 Nc4 27. Ne3 Ne5 28. Ng4 Nc4 29. Ne3 Ne5 1/2-1/2

[Event "Mitropa Online Cup Open 2021"]
[Site "Hybrid"]
[Date "2021.05.04"]
[Round "2.18"]
[White "Kovacevic, Blazimir"]
[Black "Studer, Noel"]
[Result "1/2-1/2"]
[ECO "D02"]
[WhiteElo "2410"]
[BlackElo "2579"]
[Annotator "ChessBase"]
[PlyCount "61"]
[EventDate "2021.05.04"]
[EventType "team-tourn"]
[EventCountry "NET"]
[SourceTitle "playchess.com"]
[Source "ChessBase"]
[SourceQuality "1"]
[WhiteTeam "Croatia"]
[BlackTeam "Switzerland"]
[WhiteTeamCountry "CRO"]
[BlackTeamCountry "SUI"]
[TimeControl "40/5400+30:1800+30"]

1. Nf3 d5 2. g3 Nf6 3. Bg2 e6 4. O-O c5 5. d4 cxd4 6. Nxd4 e5 7. Nb3 Be6 8. c4 Nc6 9. cxd5 Nxd5 10. N1d2 h6 11. Ne4 Qb6 12. Nd6+ Bxd6 13. Bxd5 Bxd5 14. Qxd5 Rd8 15. Be3 Qa6 16. a4 Qxe2 17. Qb5 Qg4 18. Qxb7 Qc8 19. Nc5 O-O 20. Rfd1 Nd4 21. Qxc8 Rxc8 22. Ne4 Rfd8 23. Bxd4 exd4 24. Nxd6 Rxd6 25. Rd3 Rc2 26. Rad1 Rxb2 27. Rxd4 Rxd4 28. Rxd4 Ra2 29. Rd8+ Kh7 30. Rd7 Rxa4 31. Rxf7 1/2-1/2

[Event "Mitropa Online Cup Open 2021"]
[Site "Hybrid"]
[Date "2021.05.04"]
[Round "2.19"]
[White "Baenziger, Fabian"]
[Black "Zelcic, Robert"]
[Result "1-0"]
[ECO "E45"]
[WhiteElo "2400"]
[BlackElo "2539"]
[Annotator "ChessBase"]
[PlyCount "77"]
[EventDate "2021.05.04"]
[EventType "team-tourn"]
[EventCountry "NET"]
[SourceTitle "playchess.com"]
[Source "ChessBase"]
[SourceQuality "1"]
[WhiteTeam "Switzerland"]
[BlackTeam "Croatia"]
[WhiteTeamCountry "SUI"]
[BlackTeamCountry "CRO"]
[TimeControl "40/5400+30:1800+30"]

1. d4 Nf6 2. c4 e6 3. Nc3 Bb4 4. e3 b6 5. Nge2 Ba6 6. a3 Bxc3+ 7. Nxc3 d5 8. b3 O-O 9. Be2 Qe7 10. O-O Rd8 11. Qc2 c5 12. dxc5 bxc5 13. cxd5 Bxe2 14. Nxe2 Nxd5 15. Bb2 Nd7 16. Rfd1 Rab8 17. Ng3 N5f6 18. Rac1 Rb6 19. Rd3 e5 20. Qc4 Rdb8 21. Rcd1 Nf8 22. Nf1 h6 23. Nd2 Ng6 24. h3 Rd6 25. Nb1 Rxd3 26. Rxd3 Qb7 27. Nd2 Qb6 28. Qc2 Rd8 29. Nc4 e4 30. Rxd8+ Qxd8 31. Bxf6 gxf6 32. Qxe4 Qd1+ 33. Kh2 Qxb3 34. f4 Qb8 35. Qd5 Qc7 36. Nd6 h5 37. Ne4 c4 38. Nxf6+ Kf8 39. Qa8+ 1-0

[Event "Mitropa Online Cup Open 2021"]
[Site "Hybrid"]
[Date "2021.05.04"]
[Round "2.20"]
[White "Tica, Sven"]
[Black "Fecker, Noah"]
[Result "1-0"]
[ECO "D02"]
[WhiteElo "2396"]
[BlackElo "2308"]
[Annotator "NA"]
[PlyCount "61"]
[EventDate "2021.05.04"]
[EventType "team-tourn"]
[EventCountry "NET"]
[SourceTitle "playchess.com"]
[Source "ChessBase"]
[SourceQuality "1"]
[WhiteTeam "Croatia"]
[BlackTeam "Switzerland"]
[WhiteTeamCountry "CRO"]
[BlackTeamCountry "SUI"]
[TimeControl "40/5400+30:1800+30"]

1. d4 Nf6 2. Nf3 g6 3. Nbd2 d5 4. e3 Bg7 5. b4 O-O 6. c4 a5 7. b5 c5 8. dxc5 Nfd7 9. Ba3 Bxa1 10. Qxa1 Nf6 11. cxd5 Nxd5 12. Bc4 Nf6 13. Qc3 Bg4 14. Nd4 e5 15. N4f3 Be6 16. Bxe6 fxe6 17. c6 Rf7 18. Nxe5 Rc7 19. Bb2 bxc6 20. b6 Rb7 21. Ng4 Nbd7 22. Ne4 e5 23. Nexf6+ Nxf6 24. Qxe5 Nxg4 25. Qh8+ Kf7 26. Qxh7+ Ke8 27. Qxb7 Qc8 28. Qg7 Qf5 29. O-O Rd8 30. b7 Nxf2 31. Qg8+ 1-0

[Event "Mitropa Online Cup Open 2021"]
[Site "Hybrid"]
[Date "2021.05.04"]
[Round "4.1"]
[White "Antal, Gergely"]
[Black "Parvanyan, Ashot"]
[Result "0-1"]
[ECO "C03"]
[WhiteElo "2572"]
[BlackElo "2436"]
[Annotator "ChessBase"]
[PlyCount "72"]
[EventDate "2021.05.04"]
[EventType "team-tourn"]
[EventCountry "NET"]
[SourceTitle "playchess.com"]
[Source "ChessBase"]
[SourceQuality "1"]
[WhiteTeam "Hungary"]
[BlackTeam "Germany"]
[WhiteTeamCountry "HUN"]
[BlackTeamCountry "GER"]
[TimeControl "40/5400+30:1800+30"]

1. e4 e6 2. d4 d5 3. Nd2 Be7 4. c3 c5 5. dxc5 Nf6 6. e5 Nfd7 7. f4 a5 8. Ngf3 a4 9. Bb5 Qa5 10. Nd4 O-O 11. b4 axb3 12. N2xb3 Qc7 13. O-O Nxc5 14. Nxc5 Bxc5 15. Kh1 Nc6 16. Be3 Ne7 17. Bd3 Nf5 18. Bxf5 exf5 19. Nb5 Qb6 20. Bxc5 Qxc5 21. Nd6 Ra3 22. Rf3 b6 23. Qc2 g6 24. Rb1 Bd7 25. h3 Rfa8 26. Rb2 Qa5 27. Qf2 Rxc3 28. Rxc3 Qxc3 29. Rc2 Qb4 30. Rc7 Be6 31. Qh4 Rf8 32. Re7 Qa4 33. Kh2 d4 34. Qf6 d3 35. Rxe6 Qxf4+ 36. Kh1 d2 0-1

[Event "Mitropa Online Cup Open 2021"]
[Site "Hybrid"]
[Date "2021.05.04"]
[Round "4.1"]
[White "Koellner, Ruben Gideon"]
[Black "Nagy, Gabor"]
[Result "1/2-1/2"]
[ECO "D02"]
[WhiteElo "2412"]
[BlackElo "2511"]
[Annotator "ChessBase"]
[PlyCount "83"]
[EventDate "2021.05.04"]
[EventType "team-tourn"]
[EventCountry "NET"]
[SourceTitle "playchess.com"]
[Source "ChessBase"]
[SourceQuality "1"]
[WhiteTeam "Germany"]
[BlackTeam "Hungary"]
[WhiteTeamCountry "GER"]
[BlackTeamCountry "HUN"]
[TimeControl "40/5400+30:1800+30"]

1. d4 Nf6 2. Nf3 g6 3. Nbd2 d5 4. e3 Bg7 5. b4 a5 6. b5 c5 7. bxc6 Nxc6 8. Be2 O-O 9. a4 Bf5 10. c3 e5 11. Ba3 Re8 12. h3 Ne4 13. Rc1 exd4 14. Nxe4 Bxe4 15. cxd4 Bxf3 16. Bxf3 Nxd4 17. O-O Nxf3+ 18. Qxf3 Qd7 19. Rfd1 Rad8 20. Rb1 Re5 21. Rb5 Rf5 22. Qe2 d4 23. exd4 Rxb5 24. axb5 Bxd4 25. Kh1 Qe6 26. Qd2 Qb6 27. Be7 Re8 28. Bh4 Re4 29. Bg3 Bf6 30. Qd7 Re6 31. Bc7 Qxf2 32. Bxa5 b6 33. Qc8+ Kg7 34. Bb4 Be7 35. Bc3+ Kh6 36. Qg8 Re2 37. Qg7+ Kg5 38. Rd5+ f5 39. Bd2+ Rxd2 40. Qxe7+ Kh6 41. Rxd2 Qxd2 42. Qh4+ 1/2-1/2

[Event "Mitropa Online Cup Open 2021"]
[Site "Hybrid"]
[Date "2021.05.04"]
[Round "4.1"]
[White "Borhy, Marcell"]
[Black "Krastev, Alexander"]
[Result "0-1"]
[ECO "E90"]
[WhiteElo "2406"]
[BlackElo "2367"]
[Annotator "NA"]
[PlyCount "70"]
[EventDate "2021.05.04"]
[EventType "team-tourn"]
[EventCountry "NET"]
[SourceTitle "playchess.com"]
[Source "ChessBase"]
[SourceQuality "1"]
[WhiteTeam "Hungary"]
[BlackTeam "Germany"]
[WhiteTeamCountry "HUN"]
[BlackTeamCountry "GER"]
[TimeControl "40/5400+30:1800+30"]

1. d4 Nf6 2. c4 e6 3. Nf3 c5 4. d5 d6 5. Nc3 g6 6. e4 Bg7 7. h3 O-O 8. Bd3 Nbd7 9. Be3 a6 10. dxe6 fxe6 11. Qd2 b6 12. Rd1 Bb7 13. Bb1 Ne8 14. h4 b5 15. cxb5 axb5 16. Nxb5 d5 17. b3 Qb6 18. a4 Nef6 19. e5 Ng4 20. h5 Rxf3 21. gxf3 Ngxe5 22. Rh3 d4 23. hxg6 Nxf3+ 24. Rxf3 Bxf3 25. gxh7+ Kh8 26. Bh6 Bxh6 27. Qxh6 Bxd1 28. Kxd1 Qc6 29. Ke2 Rf8 30. Qh3 Qd5 31. Qg3 e5 32. Bd3 e4 33. Bc4 Qh5+ 34. Ke1 Qh1+ 35. Kd2 Rxf2+ 0-1

[Event "Mitropa Online Cup Open 2021"]
[Site "Hybrid"]
[Date "2021.05.04"]
[Round "4.2"]
[White "Gazik, Viktor"]
[Black "Dragnev, Valentin"]
[Result "1/2-1/2"]
[ECO "B90"]
[WhiteElo "2542"]
[BlackElo "2559"]
[Annotator "ChessBase"]
[PlyCount "58"]
[EventDate "2021.05.04"]
[EventType "team-tourn"]
[EventCountry "NET"]
[SourceTitle "playchess.com"]
[Source "ChessBase"]
[SourceQuality "1"]
[WhiteTeam "Slovakia"]
[BlackTeam "Austria"]
[WhiteTeamCountry "SVK"]
[BlackTeamCountry "AUT"]
[TimeControl "40/5400+30:1800+30"]

1. e4 c5 2. Nf3 d6 3. Nc3 Nf6 4. d4 cxd4 5. Nxd4 a6 6. Nb3 e6 7. g4 h6 8. Be3 Qc7 9. Bg2 Nbd7 10. h4 h5 11. g5 Ng4 12. Bd4 b5 13. f3 Nge5 14. f4 Nc4 15. Qe2 b4 16. Nd5 exd5 17. exd5+ Be7 18. O-O Ndb6 19. Rae1 Bg4 20. Qf2 O-O 21. Na5 Bd8 22. Nc6 Nc8 23. b3 Na5 24. Nxd8 Qxd8 25. f5 Nb7 26. Bf3 Bh3 27. Bg2 Bg4 28. Bf3 Bh3 29. Bg2 Bg4 1/2-1/2

[Event "Mitropa Online Cup Open 2021"]
[Site "Hybrid"]
[Date "2021.05.04"]
[Round "4.2"]
[White "Druska, Juraj"]
[Black "Froewis, Georg"]
[Result "1-0"]
[ECO "A13"]
[WhiteElo "2494"]
[BlackElo "2460"]
[Annotator "ChessBase"]
[PlyCount "93"]
[EventDate "2021.05.04"]
[EventType "team-tourn"]
[EventCountry "NET"]
[SourceTitle "playchess.com"]
[Source "ChessBase"]
[SourceQuality "1"]
[WhiteTeam "Slovakia"]
[BlackTeam "Austria"]
[WhiteTeamCountry "SVK"]
[BlackTeamCountry "AUT"]
[TimeControl "40/5400+30:1800+30"]

1. c4 e6 2. g3 d5 3. Bg2 Nf6 4. Nf3 dxc4 5. Qa4+ c6 6. Qxc4 b5 7. Qc2 Bb7 8. O-O c5 9. a4 b4 10. Rd1 Nbd7 11. d3 Be7 12. Nbd2 O-O 13. Nc4 Rc8 14. b3 Bxf3 15. Bxf3 Nd5 16. Bb2 Bf6 17. d4 cxd4 18. Bxd4 Bxd4 19. Rxd4 N7b6 20. Qd2 Qf6 21. Nxb6 Nxb6 22. a5 Nd5 23. Bxd5 exd5 24. Rd1 g6 25. Rxb4 Rfe8 26. Rb7 Qf5 27. Qxd5 Rc1 28. Qd2 Rc2 29. Re7 Rxe7 30. Qd8+ Kg7 31. Qxe7 Qxa5 32. Rd7 Qa1+ 33. Kg2 Qf6 34. Rxa7 Rb2 35. Qe3 Qf5 36. Qd4+ Qf6 37. Qe3 Qf5 38. Rb7 Rc2 39. Qd4+ Kh6 40. Qe3+ Kg7 41. Qd4+ Kh6 42. e4 Qe6 43. Rb6 Qe7 44. Rf6 Re2 45. Rf4 g5 46. Rf6+ Kh5 47. h3 1-0